 Dungeon Crawl Stone Soup version 0.30-a0-1122-g620db56ad9 (webtiles) character file.

Game seed: 15598321810616494184

743 Kenran the Carver (level 7, -4/60 HPs)
             Began as a Minotaur Monk on Apr 22, 2023.
             Was a Priest of Okawaru.
             Slain by an orc warrior
             ... wielding a +0 dire flail
              (20 damage)
             ... on level 5 of the Dungeon.
             The game lasted 00:09:12 (4028 turns).

Kenran the Carver (Minotaur Monk)                   Turns: 4028, Time: 00:09:13

Health: -4/60      AC:  6    Str: 18    XL:     7   Next: 47%
Magic:  7/7        EV: 10    Int:  7    God:    Okawaru [***...]
Gold:   238        SH:  0    Dex: 12    Spells: 6/6 levels left

rFire   . . .        r - +0 long sword
rCold   . . .        d - orb {light}
rNeg    . . .        f - +0 scale mail
rPois   .            (helmet restricted)
rElec   .            (no cloak)
rCorr   +            (no gloves)
SInv    .            (no boots)
Will    .....        (no amulet) Stlth
                     b - ring of resist corrosion
HPRegen 0.30/turn    (no ring)
MPRegen 0.10/turn

%: no passive effects
@: glowing
A: horns 2, retaliatory headbutt
a: Renounce Religion, Heroism


You were on level 5 of the Dungeon.
You worshipped Okawaru.
Okawaru was most pleased with you.
You visited 2 branches of the dungeon, and saw 6 of its levels.

You collected 238 gold pieces.

Inventory:

Hand Weapons
 q - a +0 vampiric rapier
 r - a +0 long sword (weapon)
Missiles
 n - 4 poisoned darts (quivered)
Armour
 d - an orb of light (worn)
 f - a +0 scale mail (worn)
Jewellery
 b - a ring of resist corrosion (left hand)
Scrolls
 g - 3 scrolls of enchant weapon
 i - 2 scrolls of teleportation
 k - 2 scrolls of poison {!r}
 l - a scroll of torment {!r}
 o - a scroll of enchant armour
 p - a scroll of amnesia {unknown}
Potions
 c - a potion of ambrosia
 e - a potion of cancellation {unknown}
 h - 3 potions of curing {unknown}
 j - a potion of lignification {unknown}
 m - a potion of might {unknown}


   Skills:
 + Level 4.4 Fighting
 - Level 10.0 Long Blades
 - Level 3.2 Dodging
 + Level 1.8 Invocations


You had 6 spell levels left.
You didn't know any spells.
Your spell library was empty.

Dungeon Overview and Level Annotations

Branches:
Dungeon (5/15)             Temple (1/1) D:4

Altars:
Ashenzari
Cheibriados
Dithmenos
Elyvilon
Fedhas
Kikubaaqudgha
Makhleb
Nemelex Xobeh
Okawaru
Qazlal
Ru
Sif Muna
Trog
Uskayaw
Vehumet
Wu Jian
Xom
Yredelemnul
Zin
The Shining One

Annotations:
D:4 exclusion: downstairs


Innate Abilities, Weirdness & Mutations

You have a pair of horns on your head.
You reflexively headbutt those who attack you in melee.


Message History

You kill the orc!
Okawaru accepts your kill.
No target in view!
There is an open door here.
You close the door.
There is an open door here.
There is an open door here.
There is a stone staircase leading up here.
You aren't carrying any items that you can evoke.
Unknown command.
Throw: 6 darts (poison)
Press: ? - help, Shift-Dir - straight line, f - orc warrior
Aim: an orc warrior, wielding a +0 dire flail and wearing a +0 chain mail (haloed, 74% to hit)
You throw a poisoned dart. The poisoned dart hits the orc warrior.
Throw: 5 darts (poison)
Press: ? - help, Shift-Dir - straight line, f/p - orc warrior
Aim: an orc warrior, wielding a +0 dire flail and wearing a +0 chain mail (haloed, 74% to hit)
You throw a poisoned dart. The poisoned dart hits the orc warrior.
The orc warrior is poisoned.
You hit the orc warrior. You headbutt the orc warrior!
The orc warrior is heavily wounded.
The orc warrior hits you with a +0 dire flail!
You barely miss the orc warrior. You headbutt the orc warrior.
The orc warrior is heavily wounded.
The orc warrior hits you with a +0 dire flail!
You hit the orc warrior.
The orc warrior is severely wounded.
The orc warrior hits you with a +0 dire flail.
You closely miss the orc warrior. Your headbutt misses the orc warrior.
The orc warrior is severely wounded.
The orc warrior hits you with a +0 dire flail!
You are too injured to fight recklessly!
You hit the orc warrior but do no damage.
The orc warrior is severely wounded.
The orc warrior hits you with a +0 dire flail!
* * * LOW HITPOINT WARNING * * *
You barely miss the orc warrior.
The orc warrior is severely wounded.
The orc warrior hits you with a +0 dire flail!!
You die...

.####+####.......'..
.#.......#.......#
##.......##......#
'.........'......####
#...[.....##...###..#
...........#.#'#....#
##.......#####......#
.#'#...#'#.##.......#
..)#####...##((o@...#
.....#..)...'.......#
.....#......##......#
.....#.......########
.....†.......#
.....#......)#
.....#......##
.....#......+
...#####...##


You could see an orc warrior (poisoned).

Vanquished Creatures
  Eustachio (D:5)
  A black bear (D:5)
  A phantom (D:5)
  A scorpion (D:5)
  2 howler monkeys
  An orc priest (D:3)
  A hound (D:5)
  A sleepcap (D:4)
  2 orc wizards
  7 adders
  2 worms
  2 dart slugs
  15 orcs
  5 endoplasms
  2 giant cockroaches (D:4)
  5 goblins
  5 hobgoblins
  3 quokkas
  7 ball pythons
  3 bats
  6 frilled lizards
  8 kobolds
  8 rats
89 creatures vanquished.

Notes
Turn   | Place    | Note
-------+----------+-------------------------------------------
     0 | D:1      | Kenran the Minotaur Monk began the quest for the Orb.
     0 | D:1      | Reached XP level 1. HP: 19/19 MP: 0/0
    40 | D:1      | Reached skill level 4 in Long Blades
    86 | D:1      | Reached XP level 2. HP: 21/26 MP: 1/1
   332 | D:1      | Reached skill level 5 in Long Blades
   336 | D:1      | Found a faded altar of an unknown god.
   758 | D:2      | Reached XP level 3. HP: 31/31 MP: 2/2
  1098 | D:2      | Reached skill level 6 in Long Blades
  1098 | D:2      | Reached XP level 4. HP: 34/39 MP: 3/3
  2558 | D:4      | Found a shimmering altar of Xom.
  2580 | D:4      | Reached skill level 7 in Long Blades
  2580 | D:4      | Reached XP level 5. HP: 45/45 MP: 4/4
  2582 | D:4      | Found a staircase to the Ecumenical Temple.
  2601 | Temple   | Entered the Ecumenical Temple
  2808 | Temple   | Became a worshipper of Warmaster Okawaru
  2808 | Temple   | Reached * piety under Okawaru
  2808 | Temple   | Reached ** piety under Okawaru
  2977 | D:4      | woah, +9 GSC
  3116 | D:4      | Found a snail-covered altar of Cheibriados.
  3117 | D:4      | Found a glowing golden altar of the Shining One.
  3186 | D:4      | Found an ancient bone altar of Kikubaaqudgha.
  3193 | D:4      | Reached skill level 8 in Long Blades
  3477 | D:5      | Entered Level 5 of the Dungeon
  3477 | D:5      | Noticed an orc warrior
  3487 | D:4      | Reached XP level 6. HP: 51/51 MP: 5/5
  3698 | D:5      | Reached skill level 9 in Long Blades
  3739 | D:5      | Noticed an orc warrior
  3866 | D:5      | Noticed Eustachio
  3886 | D:5      | Killed Eustachio
  3887 | D:5      | Reached skill level 10 in Long Blades
  3887 | D:5      | Reached XP level 7. HP: 54/58 MP: 6/6
  3910 | D:5      | Reached *** piety under Okawaru
  3913 | D:5      | Reached skill level 1 in Invocations
  4028 | D:5      | Slain by an orc warrior

Illustrated notes

######.##>.
#..@......#
#.##)#..###
#### ##.##.#
... ..#
#.....##.# #
#.#
#..#####.#
####.#
#..#####.###
#....<
#..........#
#.##.#
#.####.....#
# ##.# #.#
#.....#
#.#..#


Turn 2977 on D:4: woah, +9 GSC

Levels and vault maps discovered:
D:1:      ebering_trefoil_3fold, layout_rooms, basic_ecumenical_altar,
          minmay_door_square, st_stairs_8
D:2:      minmay_chambers_of_ones, layout_basic, minmay_tromino_i2
D:3:      layout_loops_ring, chequers_serial_rivers_small_3
D:4:      layout_loops_cross, nicolae_overflow_hidden_temple,
          nicolae_kikubaaqudgha_miasma_corner, minmay_temple_entry_slanted
D:5:      nicolae_cairo_tiling_very_big, layout_loops_cross, uniq_eustachio
Temple:   eino_temple_rhombus

Skill      XL: |  1  2  3  4  5  6  7 |
---------------+----------------------+-----
Long Blades    | 4 5 6 7 8 10 | 10.0
Fighting       | 4 |  4.4
Invocations    | 1 |  1.8
Dodging        | |  3.2

Action                     |  1- 3 |  4- 6 |  7- 9 || total
---------------------------+-------+-------+-------++-------
  Melee: Falchion          |    87 |   128 |     8 ||   223
         Headbutt          |    12 |    29 |     7 ||    48
         Long sword        |       |       |    14 ||    14
  Throw: Dart              |       |       |     2 ||     2
    Use: Scroll            |       |     5 |       ||     5
 Armour: Robe              |     7 |       |       ||     7
         Scale mail        |    15 |    37 |     2 ||    54
  Dodge: Dodged            |    43 |    63 |     8 ||   114

Table legend: (Time is in decaauts)
 A = Elapsed time spent in this place.
 B = Non-inter-level travel time spent in this place.
 C = Inter-level travel time spent in this place.
 D = Time resting spent in this place.
 E = Time spent auto-exploring this place.
 F = Levels seen in this place.
 G = Mean time per level.
                   A        B        C        D        E       F      G
               +--------+--------+--------+--------+--------+-----+--------+
         Total |   4023 |   3921 |    102 |    204 |   2778 |   6 |  670.5 |
       Dungeon |   3810 |   3731 |     79 |    204 |   2602 |   5 |  762.0 |
        Temple |    213 |    190 |     23 |      0 |    176 |   1 |  213.0 |
               +--------+--------+--------+--------+--------+-----+--------+

Top non-repeatable levels by time:
     D:2: 904 daAuts
     D:3: 880 daAuts
     D:4: 766 daAuts
     D:1: 758 daAuts
     D:5: 500 daAuts
  Temple: 213 daAuts
